 Dungeon Crawl Stone Soup version 0.19-a0-1260-gc94d3f7 (webtiles) character file.

181 TheGoonsmith the Digger (level 5, -2/28 HPs)
             Began as a Gargoyle Earth Elementalist on Aug 28, 2016.
             Slain by edsrzf's ghost (5 damage)
             ... on level 4 of the Dungeon.
             The game lasted 00:03:54 (2102 turns).

TheGoonsmith the Digger (GrEE)                      Turns: 2102, Time: 00:03:55

Health: -2/28      AC:  7    Str: 11    XL:     5   Next: 61%
Magic:  0/9        EV: 12    Int: 17    God:
Gold:   76         SH:  0    Dex: 10    Spells: 1 memorised, 9 levels left

rFire  . . .     SeeInvis .     b - 56 stones
rCold  . . .     Gourm    .     c - +0 robe
rNeg   + . .     Faith    .     (no shield)
rPois  ∞         Spirit   .     (no helmet)
rElec  +         Dismiss  .     (no cloak)
rCorr  .         Reflect  .     (no gloves)
MR     .....     Harm     .     n - +0 pair of boots (curse)
Stlth  ++........               (no amulet)
                                (no ring)
                                (no ring)

@: no status effects
A: negative energy resistance 1, electricity resistance, unbreathing,
petrification resistance, rot immunity, AC +4
a: no special abilities


You were on level 4 of the Dungeon.
You were not hungry.

You visited 1 branch of the dungeon, and saw 4 of its levels.

You collected 76 gold pieces.

Inventory:

Hand Weapons
 a - a +0 flail
 h - a +0 club
 k - a +0 mace
Missiles
 b - 56 stones (in hand)
Armour
 c - a +0 robe (worn)
 n - a cursed +0 pair of boots (worn)
Jewellery
 q - a cursed -3 ring of strength {unknown}
Scrolls
 g - 3 scrolls of remove curse {unknown}
 l - 2 scrolls of teleportation {unknown}
 o - 2 scrolls of identify {unknown}
 p - a scroll of fog {unknown}
Potions
 f - a potion of magic {unknown}
 m - 3 potions of curing {unknown}
 s - 2 potions of heal wounds {unknown}
Books
 e - a book of Geomancy

   Spells                             Type                      Level
   a - Sandblast                      Earth                        1
   b - Passwall                       Transmutation/Earth          2
   c - Stone Arrow                    Conjuration/Earth            3
   d - Petrify                        Transmutation/Earth          4
   e - Lee's Rapid Deconstruction     Earth                        5
Comestibles
 d - 3 bread rations
 i - 2 meat rations
 j - a beef jerky
 r - 4 fruits


   Skills:
 - Level 1.5 Dodging
 - Level 2.1 Stealth
 + Level 3.2 Spellcasting
   Level 0.7 Transmutations
 * Level 6.5 Earth Magic


You had 9 spell levels left.
You knew the following spells:

 Your Spells              Type           Power        Failure   Level  Hunger
a - Sandblast             Erth           ###...       1%          1    None


Dungeon Overview and Level Annotations

Branches:
Dungeon (4/15)
 Temple: D:4-7

Altars:
Hepliaklqana
Nemelex Xobeh
Ru

Annotations:
D:4 Sigmund; edsrzf's ghost, novice MiMo


Innate Abilities, Weirdness & Mutations

You are resistant to torment.
Your stone body is resilient. (AC +4)
You are immune to poison.
You resist negative energy. (rN+)
You are resistant to electric shocks. (rElec)
You can survive without breathing.
You are immune to petrification.
You are immune to rotting.


Message History

Casting: Sandblast
Confirm with . or Enter, or press ? or * to list all spells.
Aiming: Sandblast
Press: ? - help, Shift-Dir - straight line, f/p - edsrzf's ghost
Aim: edsrzf's ghost (moderately damaged)
The rocky blast hits edsrzf's ghost.
Edsrzf's ghost is moderately damaged.
Edsrzf's ghost hits you!
* * * LOW HITPOINT WARNING * * *
Casting: Sandblast
Confirm with . or Enter, or press ? or * to list all spells.
Aiming: Sandblast
Press: ? - help, Shift-Dir - straight line, f/p - edsrzf's ghost
Aim: edsrzf's ghost (moderately damaged)
The rocky blast misses edsrzf's ghost.
Edsrzf's ghost hits you.
* * * LOW HITPOINT WARNING * * *
There is a stone staircase leading up here.
Edsrzf's ghost reminisces, "I miss the gifts and the pranks."
Edsrzf's ghost hits you.
You die...

.. ..# .. ..# #.
..# ## #.# # #.#
#.# #.# ...#
##.####.##..####
.......@W.....(#
#.########.###.#
#


You could see edsrzf's ghost.

Vanquished Creatures
  The ghost of PurpleRed the Conjurer, a weakling DECj (D:3)
  An orc wizard (D:3)
  A gnoll (D:1)
  3 adders
  2 worms
  A dart slug (D:1)
  4 giant geckos
  2 orcs (D:3)
  6 giant cockroaches
  8 goblins
  4 hobgoblins
  4 jackals
  A quokka (D:3)
  2 ball pythons
  11 bats
  5 giant newts
  A kobold (D:1)
  6 rats
63 creatures vanquished.

Vanquished Creatures (others)
  An orc wizard (D:3)
1 creature vanquished.

Grand Total: 64 creatures vanquished

Notes
Turn   | Place    | Note
-------+----------+-------------------------------------------
     0 | D:1      | TheGoonsmith the Gargoyle Earth Elementalist began the quest for the Orb.
     0 | D:1      | Reached XP level 1. HP: 10/10 MP: 3/3
    89 | D:1      | Reached skill level 4 in Earth Magic
    89 | D:1      | Reached XP level 2. HP: 15/15 MP: 0/5
   515 | D:1      | Reached XP level 3. HP: 19/19 MP: 2/6
   711 | D:2      | Reached skill level 5 in Earth Magic
   823 | D:2      | Reached XP level 4. HP: 24/24 MP: 1/7
  1379 | D:3      | Noticed PurpleRed's ghost (weakling DECj)
  1389 | D:3      | Killed PurpleRed's ghost
  1413 | D:3      | Found a hazy altar of Hepliaklqana.
  1451 | D:3      | Reached skill level 6 in Earth Magic
  1451 | D:3      | Reached XP level 5. HP: 27/28 MP: 5/9
  1557 | D:3      | Found a sacrificial altar of Ru.
  1866 | D:3      | Found a sparkling altar of Nemelex Xobeh.
  2061 | D:4      | Noticed Sigmund
  2087 | D:4      | Noticed edsrzf's ghost (novice MiMo)
  2102 | D:4      | Slain by edsrzf's ghost

Vault maps used:
D:1:      mrwooster_arrival_statue_2, grunt_decor_fettered
D:2:      first_bread
D:3:      nicolae_ru_sacrificial_ziggurat, overflow_temple_1_default,
          overflow_temple_1_default
D:4:      lemuel_doored_altar, elyvilon_altar_4, uniq_sigmund,
          uniq_crazy_yiuf_cottage, uniq_edmund

Skill      XL: |  1  2  3  4 |
---------------+-------------+-----
Earth Magic    | 4 5 6 |  6.5
Spellcasting   | 3 |  3.2
Dodging        | |  1.5
Stealth        | |  2.1
Transmutations | |  0.7

Action                   |  1- 3 |  4- 6 || total
-------------------------+-------+-------++-------
Melee: Mace              |    11 |       ||    11
       Flail             |     6 |     7 ||    13
Throw: Stone             |       |     2 ||     2
 Cast: Sandblast         |    54 |    68 ||   122
  Eat: Chunk             |       |     4 ||     4
Armor: Robe              |    14 |     9 ||    23
Dodge: Dodged            |    45 |    21 ||    66
